 Dungeon Crawl Stone Soup version 0.32-a0-571-gec57dfcd37 (webtiles) character file.

Game seed: 1415716211478799377

53880 pisaster the Warrior (level 15, -24/130 HPs)
             Began as a Formicid Hunter on Mar 1, 2024.
             Was a High Priest of Okawaru.
             Annihilated by a dire elephant (29 damage)
             ... on level 5 of the Lair of Beasts.
             The game lasted 00:57:29 (20415 turns).

pisaster the Warrior (Formicid Hunter)             Turns: 20415, Time: 00:57:29

Health: -24/130    AC:  8    Str: 22    XL:     15   Next: 11%
Magic:  21/24      EV: 19    Int:  8    God:    Okawaru [*****.]
Gold:   1299       SH:  5    Dex: 23    Spells: 13/16 levels left

rFire   . . .        i - +6 shortbow of Impermanence {freeze, rN+ Will+ rCorr SInv}
rCold   . . .        (no shield)
rNeg    + . .        M - +0 troll leather armour
rPois   .            (helmet unavailable)
rElec   .            (no cloak)
rCorr   +            Y - +1 pair of gloves of Okawaru's Pride {Regen+ rCorr Str-2 SInv}
SInv    +            e - +2 pair of boots
Will    ++...        m - amulet of reflection
Stlth   +++          k - ring of wizardry
HPRegen 2.01/turn    r - +6 ring of strength
MPRegen 0.19/turn

%: reflection, wizardry (x1)
@: finesse-ful
A: permanent stasis, dig shafts and tunnels, antennae 3, four strong arms
a: Dig, Shaft Self, Renounce Religion, Heroism, Finesse, Duel


You were on level 5 of the Lair of Beasts.
You worshipped Okawaru.
Okawaru was extremely pleased with you.
You visited 2 branches of the dungeon, and saw 16 of its levels.
You also visited: Ossuary and Bailey.

You collected 1299 gold pieces.

Inventory:

Hand Weapons
 h - the +7 sling of Aguhal {drain, rN+}
   (You found it on level 7 of the Dungeon)

   rN+:       It protects you from negative energy.
 i - the +6 shortbow of Impermanence (weapon) {freeze, rN+ Will+ rCorr SInv}
   (You found it on level 8 of the Dungeon)

   rN+:       It protects you from negative energy.
   Will+:     It increases your willpower.
   SInv:      It lets you see invisible.
   rCorr:     It protects you from acid and corrosion.
 A - the +1 sling "Ennih" {flame, Stlth+}
   (You found it on level 6 of the Dungeon)

   Stlth+:    It makes you more stealthy.
 X - the +5 longbow "Cuinioll" {antimagic, rN+ Str+2 Stlth+}
   (Okawaru gifted it to you on level 4 of the Lair of Beasts)

   Str+2:     It affects your strength (+2).
   rN+:       It protects you from negative energy.
   Stlth+:    It makes you more stealthy.
Missiles
 g - 4 silver javelins
 x - 2 javelins
 C - 3 curare-tipped darts
 W - 5 boomerangs
Armour
 e - a +2 pair of boots (worn)
 q - a +1 leather armour of cold resistance
 y - a +1 ring mail of willpower
 M - a +0 troll leather armour (worn)
 P - the +5 scale mail "Wobroh" {+Inv}
   (You found it on level 1 of the Lair of Beasts)

   +Inv:      It lets you turn invisible.
 U - +0 acid dragon scales
 Y - the +1 pair of gloves of Okawaru's Pride (worn) {Regen+ rCorr Str-2 SInv}
   (Okawaru gifted it to you on level 4 of the Lair of Beasts)

   Str-2:     It affects your strength (-2).
   SInv:      It lets you see invisible.
   Regen+:    It increases your rate of health regeneration.
   rCorr:     It protects you from acid and corrosion.
Jewellery
 k - a ring of wizardry (left hand)
 m - an amulet of reflection (around neck)
 n - a ring of magical power
 o - a ring of flight
 r - a +6 ring of strength (right hand)
 R - an amulet of faith
 T - a ring of fire
 V - a ring of protection from cold
Wands
 a - a wand of polymorph (10)
 B - a wand of mindburst (3)
 L - a wand of quicksilver (9)
 O - a wand of flame (10)
Scrolls
 c - a scroll of fear
 f - 7 scrolls of vulnerability
 s - 2 scrolls of noise
 t - a scroll of poison
 v - 5 scrolls of immolation
 w - 3 scrolls of enchant armour
 z - 4 scrolls of enchant weapon
 J - a scroll of brand weapon
 K - 3 scrolls of summoning
 Q - 3 scrolls of revelation
Potions
 b - 2 potions of lignification
 d - 4 potions of cancellation
 j - 6 potions of attraction
 l - 4 potions of curing
 u - 4 potions of enlightenment
 D - 5 potions of brilliance
 E - 3 potions of resistance
 F - 5 potions of mutation
 G - a potion of heal wounds
 H - 2 potions of magic
 I - a potion of might
 N - a potion of invisibility
Miscellaneous
 p - a phial of floods


   Skills:
 + Level 15.9 Fighting
 - Level 14.0 Ranged Weapons
 * Level 4.1 Armour
 - Level 9.3 Dodging
 - Level 3.0 Stealth
 - Level 1.0 Spellcasting
 - Level 5.0 Ice Magic
 - Level 13.0 Invocations


You had 13 spell levels left.
You knew the following spells:

 Your Spells              Type           Power      Damage    Failure   Level
a - Frozen Ramparts       Ice            16%        1d3       7%          3

Your spell library contained the following spells:

 Spells                   Type           Power      Damage    Failure   Level
 Freeze                   Ice            32%        1d5       2%          1
 Kiss of Death            Conj/Necr      0%         2d5       17%         1
 Hailstorm                Conj/Ice       4%         3d5       19%         3
 Cigotuvi's Dreadful Rot  Necr/Alch/Air  0%         N/A       26%         2
 Lesser Beckoning         Tloc           0%         N/A       26%         2
 Momentum Strike          Conj/Tloc      0%         3d8       26%         2
 Gell's Gravitas          Tloc           0%         N/A       45%         3
 Teleport Other           Tloc           0%         N/A       45%         3
 Anguish                  Hex/Necr       0%         N/A       85%         4
 Cause Fear               Hex            0%         N/A       85%         4
 Dimensional Bullseye     Hex/Tloc       0%         N/A       85%         4
 Dispel Undead            Necr           0%         3d6       85%         4
 Ignite Poison            Fire/Alch      0%         N/A       85%         4
 Iskenderun's Mystic Bla  Conj/Tloc      0%         2d3       85%         4
 Sticky Flame             Fire/Alch      0%         2d4       85%         4
 Enfeeble                 Hex            0%         N/A       100%        7
 Ignition                 Fire           0%         3d3       100%        8
 Blink                    Tloc           Unusable   N/A       N/A         2
 Tukima's Dance           Hex            Unusable   N/A       N/A         3
 Martyr's Knell           Necr/Summ      Unusable   N/A       N/A         4
 Death Channel            Necr           Unusable   N/A       N/A         6

Dungeon Overview and Level Annotations

Branches:
Dungeon (11/15)            Temple (0/1) D:4            Lair (5/5) D:9
 Shoals (0/4) Lair:2       Spider (0/4) Lair:3        Slime (0/5) Lair:5
    Orc (0/2) D:9         Ossuary (visited)          Bailey (visited)

Altars:
Cheibriados
Dithmenos
Elyvilon
Fedhas
Hepliaklqana
Kikubaaqudgha
Makhleb
Okawaru
Sif Muna
Trog
Uskayaw
Vehumet
Wu Jian
Xom
Yredelemnul
Zin
Beogh

Shops:
D:9 (

Portals:
Trove: D:11 (give +4 demon trident)

Annotations:
D:5 3 runed translucent doors, Lysca's ghost, novice DsCj
D:8 Jeremiah
D:11 dig vault
Lair:1 Erica
Lair:2 Sonja
Lair:5 exclusion: obsidian statue


Innate Abilities, Weirdness & Mutations

You cannot be hasted, slowed, berserked, paralysed or teleported.
You can dig through walls and to a lower floor.
You have a pair of large antennae on your head. (SInv)
Your four strong arms can wield two-handed weapons with a shield.


Message History

The arrow freezes the dire elephant.
The dire elephant is severely wounded.
The dire elephant tramples you!!
You hold your ground!
The dire elephant closely misses you. The dire elephant tramples you!
You stumble backwards!
You are too injured to fight recklessly!
You are too injured to fight recklessly!
You are too injured to fight recklessly!
You can now deal lightning-fast blows.
The dire elephant tramples you!!
You hold your ground!
The dire elephant trunk-slaps you but does no damage.
You shoot an arrow.
The arrow hits the dire elephant but does no damage.
The dire elephant is severely wounded.
You shoot an arrow. The arrow hits the dire elephant.
The arrow freezes the dire elephant.
The dire elephant is severely wounded.
The dire elephant barely misses you. The dire elephant misses you.
The dire elephant tramples you!!
* * * LOW HITPOINT WARNING * * *
You stumble backwards!
The dire elephant misses you.
The dire elephant trunk-slaps you but does no damage.
The dire elephant tramples you!!
* * * LOW HITPOINT WARNING * * *
You stumble backwards!
There is a large open door here.
You feel much better. The dire elephant tramples you!!
* * * LOW HITPOINT WARNING * * *
You stumble backwards!
You feel much better.
The dire elephant completely misses you.
The dire elephant barely misses you. The dire elephant closely misses you.
There is a large open door here.
You feel like a meek peon again.
The dire elephant attacks as it pursues you!
The dire elephant tramples you.
You stumble backwards!
The dire elephant attacks as it pursues you!
The dire elephant tramples you!!
* * * LOW HITPOINT WARNING * * *
You stumble backwards!
The dire elephant barely misses you.
The dire elephant trunk-slaps you but does no damage.
You feel much better.
You shoot an arrow. The arrow hits the dire elephant.
The arrow freezes the dire elephant.
The dire elephant is severely wounded.
You shoot an arrow. The arrow hits the dire elephant.
The arrow freezes the dire elephant.
The dire elephant is severely wounded.
You shoot an arrow.
The arrow barely misses the dire elephant.
The dire elephant tramples you!
* * * LOW HITPOINT WARNING * * *
You stumble backwards!
You shoot an arrow.
The arrow barely misses the dire elephant. x2
The dire elephant attacks as it pursues you!
The dire elephant barely misses you.
The dire elephant trunk-slaps you but does no damage.
Fire: i) +6 shortbow of Impermanence {freeze, rN+ Will+ rCorr SInv}
Press: ? - help, Q - select action, (/) - cycle Shift-Dir - straight line, f - dire elephant, p - dire elephant
Aim: a dire elephant (moderately wounded, 93% to hit)
You shoot an arrow. The arrow hits the dire elephant!
The arrow freezes the dire elephant.
The dire elephant is severely wounded.
Fire: i) +6 shortbow of Impermanence {freeze, rN+ Will+ rCorr SInv}
Press: ? - help, Q - select action, (/) - cycle Shift-Dir - straight line, f/p - dire elephant
Aim: a dire elephant (moderately wounded, 93% to hit)
You shoot an arrow. The arrow hits the dire elephant.
The arrow freezes the dire elephant.
The dire elephant is moderately wounded.
The dire elephant tramples you!!!
* * * LOW HITPOINT WARNING * * *
You stumble backwards!
Fire: i) +6 shortbow of Impermanence {freeze, rN+ Will+ rCorr SInv}
Press: ? - help, Q - select action, (/) - cycle Shift-Dir - straight line, f/p - dire elephant
Aim: a dire elephant (moderately wounded, 93% to hit)
Okay, then.
Fire: i) +6 shortbow of Impermanence {freeze, rN+ Will+ rCorr SInv}
Press: ? - help, Q - select action, (/) - cycle Shift-Dir - straight line, f/p - dire elephant
Aim: a dire elephant (moderately wounded, 93% to hit)
You shoot an arrow.
The arrow hits the dire elephant but does no damage.
The dire elephant is severely wounded.
Fire: i) +6 shortbow of Impermanence {freeze, rN+ Will+ rCorr SInv}
Press: ? - help, Q - select action, (/) - cycle Shift-Dir - straight line, f/p - dire elephant
Aim: a dire elephant (moderately wounded, 93% to hit)
You shoot an arrow. The arrow hits the dire elephant.
The arrow freezes the dire elephant.
The dire elephant is almost dead.
Fire: i) +6 shortbow of Impermanence {freeze, rN+ Will+ rCorr SInv}
Press: ? - help, Q - select action, (/) - cycle Shift-Dir - straight line, f/p - dire elephant
Aim: a dire elephant (moderately wounded, 93% to hit)
You shoot an arrow. The arrow hits the dire elephant.
The arrow freezes the dire elephant.
The dire elephant is almost dead.
The dire elephant tramples you!!
You die...

♣♣.PP......# ♣P........P### ##.
#......Y.# .. ###''#''#### ## ##
#♣I♣ #ß..#....ß##.~~##ß...ß##.
##+# #.†.#{....'..~≈~'.{.([#ß.
##[# #)#.####.ß#.~≈≈≈'...!$#..
#########'#....#### ≈≈≈≈#ßY..ß#.?
# #ß.....####YY@.#~ ~~.#######ß.
# #......# ####.### .###ßPß###.
## #ß.....##♣♣###P..#####ß.⌠Pß###
.##########♣....###..............
.†#######♣.......♣########÷''####
..........................)......
.#...#...........................
...####...........#...##..#......
.P.##.#..........................


You could see 2 dire elephants.

Vanquished Creatures
  A catoblepas (Lair:4)
  3 boulder beetles (D:11)
  A two-headed ogre (D:9)
  10 death yaks
  2 spectral death yaks (Lair:5)
  A deep elf knight (D:9)
  2 skysharks (Lair:4)
  A skeletal warrior (D:11)
  An orc knight (Bailey)
  2 necromancers (Lair:5)
  An oklob plant (Lair:5)
  A cyclops (D:11)
  2 manticores (Lair:2)
  4 black mambas
  21 elephants
  A torpor snail (Lair:4)
  4 rime drakes
  13 cane toads
  A gargoyle (D:10)
  4 komodo dragons
  2 trolls (D:9)
  3 polar bears (Lair:5)
  A hornet (D:6)
  19 blink frogs
  6 dream sheep (Lair:4)
  2 shadows
  A culicivora (Lair:3)
  3 wraiths (D:11)
  5 wyverns
  30 yaks
  2 basilisks
  A redback (Lair:3)
  2 spectral cane toads (Lair:5)
  2 acid dragons
  28 water moccasins
  15 orc warriors
  An elephant zombie (Lair:5)
  2 sky beasts (D:7)
  An ice beast (D:6)
  2 ogres
  5 black bears
  5 wolves (Lair:5)
  3 elephant skeletons (Lair:5)
  3 centaurs
  2 kobold brigands (D:9)
  17 bullfrogs
  A wyvern zombie (D:5)
  3 elf zombies (Ossuary)
  4 scorpions
  6 wights
  2 cane toad simulacra (Lair:5)
  44 killer bees
  8 howler monkeys
  6 electric eels (D:8)
  A crimson imp (D:6)
  2 bombardier beetles
  2 centaur zombies (Ossuary)
  3 human zombies (Ossuary)
  5 hounds
  5 orc priests
  A gnoll bouda (D:9)
  2 sleepcaps
  4 iguanas
  12 orc wizards
  5 hound zombies
  2 mummies (Ossuary)
  4 gnolls (D:9)
  21 adders
  A shadow imp (D:7)
  2 white imps
  2 ufetubi (D:4)
  8 adder zombies (Ossuary)
  2 dart slugs
  2 ribbon worms (D:3)
  56 orcs
  6 ball pythons
  3 bats
  21 endoplasms
  4 giant cockroaches
  7 gnoll zombies (Ossuary)
  10 goblins
  11 hobgoblins
  9 jackals
  3 quokkas
  2 frilled lizards (D:2)
  5 jackal zombies (Ossuary)
  14 kobolds
  4 orc zombies (Ossuary)
  4 rats
558 creatures vanquished.

Vanquished Creatures (others)
  A bombardier beetle (D:5)
1 creature vanquished.

Grand Total: 559 creatures vanquished

Notes
Turn   | Place    | Note
-------+----------+-------------------------------------------
     0 | D:1      | pisaster the Formicid Hunter began the quest for the Orb.
     0 | D:1      | Reached XP level 1. HP: 16/16 MP: 1/1
   116 | D:1      | Reached XP level 2. HP: 21/23 MP: 2/2
   467 | D:1      | Reached XP level 3. HP: 28/28 MP: 3/3
   849 | D:2      | Reached XP level 4. HP: 34/34 MP: 4/4
  1041 | D:2      | Found a bloodstained altar of Trog.
  1283 | D:3      | Reached skill level 3 in Fighting
  1537 | D:3      | Reached skill level 5 in Ranged Weapons
  1627 | D:3      | Found a snail-covered altar of Cheibriados.
  1731 | D:3      | Reached XP level 5. HP: 41/41 MP: 5/5
  1894 | D:3      | Found a shimmering blue altar of Sif Muna.
  1909 | D:3      | Found an ancient bone altar of Kikubaaqudgha.
  2039 | D:3      | Found a radiant altar of Vehumet.
  2096 | D:3      | Reached XP level 6. HP: 39/48 MP: 6/6
  2237 | D:3      | Got Vehumet's Excursus on Arcane Weapons
  2315 | D:3      | Found a shimmering altar of Xom.
  2334 | D:3      | Reached skill level 4 in Fighting
  2374 | D:3      | Found an iron altar of Okawaru.
  2459 | D:3      | Became a worshipper of Warmaster Okawaru
  2659 | D:4      | Noticed an ogre
  2663 | D:4      | You are sucked into a shaft and drop 1 floor!
  2663 | D:5      | Entered Level 5 of the Dungeon
  2937 | D:5      | Noticed a black bear
  2947 | D:5      | Killed a black bear
  2948 | D:5      | Reached XP level 7. HP: 55/55 MP: 7/7
  3296 | D:4      | Reached skill level 5 in Fighting
  3455 | D:4      | Reached * piety under Okawaru
  3512 | D:4      | Reached XP level 8. HP: 57/63 MP: 8/8
  3596 | D:4      | Reached skill level 1 in Invocations
  3957 | D:4      | Found a staircase to the Ecumenical Temple.
  4288 | D:4      | Found a blossoming altar of Fedhas.
  4812 | D:5      | Reached skill level 6 in Fighting
  5729 | D:5      | Found a runed translucent gate.
  5729 | D:5      | Found a runed translucent gate.
  5729 | D:5      | Found a runed translucent gate.
  5729 | D:5      | Noticed Lysca's ghost (novice DsCj)
  5731 | D:5      | Found a basalt altar of Yredelemnul.
  5927 | D:6      | Noticed a hornet
  6268 | D:6      | Killed a hornet
  6268 | D:6      | Reached ** piety under Okawaru
  6269 | D:6      | Reached XP level 9. HP: 69/71 MP: 7/10
  6303 | D:6      | Identified the +1 sling "Ennih" {flame, Stlth+}
  6405 | D:6      | Found a shadowy altar of Dithmenos.
  6469 | D:6      | Found a white marble altar of Elyvilon.
  6526 | D:6      | Reached skill level 1 in Ice Magic
  6869 | D:6      | Learned a level 3 spell: Frozen Ramparts
  6986 | D:6      | Reached skill level 1 in Spellcasting
  7249 | D:6      | Found a burning altar of Makhleb.
  7431 | D:7      | Found a glowing silver altar of Zin.
  7457 | D:7      | Identified the +7 sling of Aguhal {drain, rN+}
  7500 | D:7      | Reached skill level 5 in Ice Magic
  7500 | D:7      | Reached skill level 7 in Fighting
  7501 | D:7      | Reached *** piety under Okawaru
  7538 | D:7      | Reached skill level 10 in Ranged Weapons
  7557 | D:7      | Found a sand-covered staircase.
  7565 | Ossuary  | Entered an ossuary
  7959 | Ossuary  | Reached XP level 10. HP: 78/79 MP: 11/11
  8298 | D:7      | Reached skill level 8 in Fighting
  8775 | D:8      | Identified the +6 shortbow of Impermanence {freeze, rN+
                  | Will+ rCorr SInv}
  8973 | D:8      | Found a flagged portal.
  8996 | Bailey   | Entered a bailey
  9162 | Bailey   | Reached skill level 9 in Fighting
  9212 | Bailey   | Reached **** piety under Okawaru
  9335 | Bailey   | Noticed an orc knight
  9345 | Bailey   | Killed an orc knight
  9522 | D:8      | Noticed Jeremiah
  9708 | D:8      | Found a hazy altar of Hepliaklqana.
  9754 | D:8      | Reached XP level 11. HP: 78/89 MP: 12/12
 10560 | D:9      | Found Salumen's Weapon Shop.
 10716 | D:9      | Reached skill level 5 in Invocations
 10811 | D:9      | Found a staircase to the Lair.
 10837 | D:9      | Reached skill level 10 in Fighting
 11023 | D:9      | Noticed a deep elf knight
 11026 | D:9      | Killed a deep elf knight
 11028 | D:9      | Noticed a two-headed ogre
 11038 | D:9      | Killed a two-headed ogre
 11038 | D:9      | Reached ***** piety under Okawaru
 11281 | D:9      | Found a staircase to the Orcish Mines.
 11286 | D:9      | Found a roughly hewn altar of Beogh.
 11607 | D:10     | Entered Level 10 of the Dungeon
 11971 | D:10     | Received a gift from Okawaru
 12010 | D:10     | Reached XP level 12. HP: 99/99 MP: 13/18
 12140 | D:10     | Found an ornate altar of the Wu Jian Council.
 12189 | D:10     | Found a bloodstained altar of Trog.
 12213 | D:10     | Found a hide-covered altar of Uskayaw.
 12256 | D:10     | Reached skill level 11 in Fighting
 12659 | D:11     | Found the +11 plutonium sword {^Contam Stlth-}
 12695 | D:11     | Noticed a boulder beetle
 12715 | D:11     | Killed a boulder beetle
 12911 | D:11     | Found a portal to a secret trove of treasure.
 13434 | D:11     | Noticed a boulder beetle
 13436 | D:11     | Noticed a boulder beetle
 13438 | D:11     | Noticed a skeletal warrior
 13465 | D:11     | Killed a boulder beetle
 13479 | D:11     | Killed a boulder beetle
 13484 | D:11     | Killed a skeletal warrior
 13490 | D:11     | Reached skill level 12 in Fighting
 13840 | Lair:1   | Entered Level 1 of the Lair of Beasts
 14134 | Lair:1   | Reached skill level 10 in Invocations
 14149 | Lair:1   | Noticed Erica
 14254 | Lair:1   | Identified the +5 scale mail "Wobroh" {+Inv}
 14703 | Lair:2   | Received a gift from Okawaru
 14930 | Lair:2   | Reached XP level 13. HP: 33/109 MP: 15/21
 15365 | Lair:2   | Reached skill level 13 in Fighting
 15440 | Lair:2   | Found a staircase to the Shoals.
 15524 | Lair:2   | Received a gift from Okawaru
 15992 | Lair:2   | Noticed Sonja
 16181 | Lair:2   | You fall into a shaft and drop 1 floor!
 16418 | Lair:3   | Reached skill level 14 in Fighting
 16460 | Lair:3   | Received a gift from Okawaru
 17199 | Lair:3   | Received a gift from Okawaru
 17357 | Lair:3   | Found a hole to the Spider Nest.
 17781 | Lair:4   | Reached skill level 5 in Dodging
 17781 | Lair:4   | Reached XP level 14. HP: 121/121 MP: 23/23
 18069 | Lair:4   | Reached ****** piety under Okawaru
 18070 | Lair:4   | Acquired the +5 longbow "Cuinioll" {antimagic, rN+ Str+2
                  | Stlth+}
 18070 | Lair:4   | Received a gift from Okawaru
 18281 | Lair:4   | Acquired the +1 pair of gloves of Okawaru's Pride {Regen+
                  | rCorr Str-2 SInv}
 18281 | Lair:4   | Received a gift from Okawaru
 18574 | Lair:4   | Received a gift from Okawaru
 18720 | Lair:5   | Entered Level 5 of the Lair of Beasts
 19011 | Lair:5   | Found a staircase to the Slime Pits.
 19096 | Lair:5   | Reached skill level 15 in Fighting
 19298 | Lair:5   | Identified the +8 hand axe "Rudaoc" {holy, +Blink rPois
                  | rC-}
 19425 | Lair:5   | Received a gift from Okawaru
 19430 | Arena    | Entered the Arena
 19966 | Lair:5   | Noticed a dire elephant
 19966 | Lair:5   | Noticed a dire elephant
 19967 | Lair:5   | Noticed a dire elephant
 20048 | Lair:5   | Reached skill level 1 in Armour
 20124 | Lair:5   | Reached XP level 15. HP: 101/129 MP: 22/24
 20396 | Lair:5   | HP: 2/130 [dire elephant (27)]
 20412 | Lair:5   | HP: 3/130 [dire elephant (36)]
 20415 | Lair:5   | Annihilated by a dire elephant

Illustrated notes

Levels and vault maps discovered:
D:1:      lightli_arrival_statuegarden, layout_basic
D:2:      layout_loops_ring, basic_altar
D:3:      layout_loops_cross, palyth_temple_overflow_mages, marbit_many_paths,
          mainiacjoe_overflow_chevrons, cheibrodos_worm_habitat
D:4:      layout_cave_pools, mainiacjoe_overflow_brackets,
          minmay_temple_entry_mini_moons, nrook_mini_vaults, minmay_puff
D:5:      layout_gridville, nicolae_yredelemnul_ghost_church
D:6:      layout_loops_ring, makhleb_grotto_becter,
          lemuel_coloured_pillars_altar,
          mainiacjoe_overflow_concentric_impassable, nicolae_titane
D:7:      layout_basic, zin_treasury, nicolae_ossuary_entry_plus
D:8:      layout_cave_pools, worldfamousw_hep_ancestral_shrine, serial_bayou,
          serial_bayou_shore_b, serial_bayou_pond_c, serial_bayou_shore_a,
          serial_bayou_lagoon_a, enter_bailey_3, uniq_jeremiah
D:9:      layout_irregular_city, due_lair_maze_entry_diamond, david_orc_5,
          serial_shops, shop, minmay_three_doors
D:10:     lemuel_reptile_caves, layout_gridville,
          mainiacjoe_overflow_six_doors_small, trog_three_pillars_becter,
          nicolae_wu_jian_wuxing_cycle, bh_walls_and_bars
D:11:     minmay_slanted_spiral_squares, layout_irregular_city,
          nicolae_trove_entry_crystal, serial_library_hellmonk_layered_room,
          due_unseen_surprise
Lair:1:   layout_regular_city, uniq_erica
Lair:2:   wad_woods_minihive, layout_hall_layers, minmay_shoals_entry_beasts,
          uniq_sonja
Lair:3:   layout_regular_city, spider_nest_entry_funnel_web, grunt_megastairs_1
Lair:4:   layout_cave_pods, serial_rivers, chequers_serial_rivers_micro_e,
          chequers_serial_rivers_room_b, chequers_serial_rivers_small_3,
          chequers_serial_rivers_large_b, infiniplex_staircase_pool_2
Lair:5:   due_jungle_book, layout_gridlike, nicolae_slime_entry_slimehenge

Skill      XL: |  1  2  3  4  5  6  7  8  9 10 11 12 13 14 15 |
---------------+----------------------------------------------+-----
Stealth        | 2 3 |  3.0
Fighting       | 3 4 5 6 7 9 10 12 14 15 | 15.9
Ranged Weapons | 5 6 7 9 10 12 13 14 | 14.0
Invocations    | 2 8 10 13 | 13.0
Ice Magic      | 5 |  5.0
Spellcasting   | 1 |  1.0
Dodging        | 5 9 |  9.3
Armour         | 2 4 |  4.1

Action                     |  1- 3 |  4- 6 |  7- 9 | 10-12 | 13-15 || total
---------------------------+-------+-------+-------+-------+-------++-------
   Fire: Shortbow          |   109 |   198 |   292 |   595 |  1014 ||  2208
         Sling             |       |       |   193 |   126 |       ||   319
  Throw: Dart              |       |       |       |     2 |       ||     2
   Cast: Frozen Ramparts   |       |       |       |    14 |    17 ||    31
 Invoke: Heroism           |       |       |     3 |     8 |     9 ||    20
         Finesse           |       |       |       |     1 |     2 ||     3
         Duel              |       |       |       |       |     1 ||     1
         Receive Weapon    |       |       |       |       |     1 ||     1
         Receive Armour    |       |       |       |       |     1 ||     1
Ability: Dig               |     1 |       |       |       |     1 ||     2
         Shaft Self        |       |     1 |       |       |     1 ||     2
  Evoke: Wand              |       |       |     2 |       |       ||     2
    Use: Scroll            |       |       |     8 |    15 |     9 ||    32
         Potion            |       |       |     1 |       |     8 ||     9
 Armour: Leather armour    |    19 |    59 |   145 |    85 |       ||   308
         Troll leather arm |       |       |       |    99 |   314 ||   413
  Dodge: Dodged            |    30 |    67 |   150 |   167 |   390 ||   804
  Block: Other             |       |    25 |    51 |    58 |   112 ||   246
         Reflection        |       |     2 |     4 |     4 |       ||    10

Table legend: (Time is in decaauts)
 A = Elapsed time spent in this place.
 B = Non-inter-level travel time spent in this place.
 C = Inter-level travel time spent in this place.
 D = Time resting spent in this place.
 E = Time spent auto-exploring this place.
 F = Levels seen in this place.
 G = Mean time per level.
                   A        B        C        D        E       F      G
               +--------+--------+--------+--------+--------+-----+--------+
         Total |  20072 |  19304 |    768 |   5373 |   9121 |  19 | 1056.4 |
       Dungeon |  12608 |  12191 |    417 |   3372 |   5991 |  11 | 1146.2 |
          Lair |   6268 |   5918 |    350 |   1411 |   3023 |   5 | 1253.6 |
       Ossuary |    681 |    681 |      0 |    281 |    107 |   1 |  681.0 |
        Bailey |    490 |    490 |      0 |    308 |      0 |   1 |  490.0 |
         Arena |     22 |     22 |      0 |      0 |      0 |   1 |   22.0 |
               +--------+--------+--------+--------+--------+-----+--------+

Top non-repeatable levels by time:
     D:5: 1763 daAuts
     D:3: 1666 daAuts
  Lair:2: 1536 daAuts
     D:6: 1452 daAuts
  Lair:5: 1398 daAuts
  Lair:4: 1368 daAuts
     D:8: 1317 daAuts
     D:4: 1254 daAuts
     D:9: 1100 daAuts
    D:10: 1071 daAuts
    D:11: 1060 daAuts
  Lair:3: 985 daAuts
  Lair:1: 980 daAuts
     D:2: 729 daAuts
 Ossuary: 681 daAuts

Action                     |  1- 3 |  4- 6 |  7- 9 | 10-12 | 13-15 || total
---------------------------+-------+-------+-------+-------+-------++-------
   Fire: Shortbow          |   109 |   198 |   292 |   595 |  1014 ||  2208
         Sling             |       |       |   193 |   126 |       ||   319
  Throw: Dart              |       |       |       |     2 |       ||     2
   Cast: Frozen Ramparts   |       |       |       |    14 |    17 ||    31
 Invoke: Heroism           |       |       |     3 |     8 |     9 ||    20
         Finesse           |       |       |       |     1 |     2 ||     3
         Duel              |       |       |       |       |     1 ||     1
         Receive Weapon    |       |       |       |       |     1 ||     1
         Receive Armour    |       |       |       |       |     1 ||     1
Ability: Dig               |     1 |       |       |       |     1 ||     2
         Shaft Self        |       |     1 |       |       |     1 ||     2
  Evoke: Wand              |       |       |     2 |       |       ||     2
    Use: Scroll            |       |       |     8 |    15 |     9 ||    32
         Potion            |       |       |     1 |       |     8 ||     9
 Armour: Leather armour    |    19 |    59 |   145 |    85 |       ||   308
         Troll leather arm |       |       |       |    99 |   314 ||   413
  Dodge: Dodged            |    30 |    67 |   150 |   167 |   390 ||   804
  Block: Other             |       |    25 |    51 |    58 |   112 ||   246
         Reflection        |       |     2 |     4 |     4 |       ||    10

Table legend: (Time is in decaauts)
 A = Elapsed time spent in this place.
 B = Non-inter-level travel time spent in this place.
 C = Inter-level travel time spent in this place.
 D = Time resting spent in this place.
 E = Time spent auto-exploring this place.
 F = Levels seen in this place.
 G = Mean time per level.
                   A        B        C        D        E       F      G
               +--------+--------+--------+--------+--------+-----+--------+
         Total |  20072 |  19304 |    768 |   5373 |   9121 |  19 | 1056.4 |
       Dungeon |  12608 |  12191 |    417 |   3372 |   5991 |  11 | 1146.2 |
          Lair |   6268 |   5918 |    350 |   1411 |   3023 |   5 | 1253.6 |
       Ossuary |    681 |    681 |      0 |    281 |    107 |   1 |  681.0 |
        Bailey |    490 |    490 |      0 |    308 |      0 |   1 |  490.0 |
         Arena |     22 |     22 |      0 |      0 |      0 |   1 |   22.0 |
               +--------+--------+--------+--------+--------+-----+--------+

Top non-repeatable levels by time:
     D:5: 1763 daAuts
     D:3: 1666 daAuts
  Lair:2: 1536 daAuts
     D:6: 1452 daAuts
  Lair:5: 1398 daAuts
  Lair:4: 1368 daAuts
     D:8: 1317 daAuts
     D:4: 1254 daAuts
     D:9: 1100 daAuts
    D:10: 1071 daAuts
    D:11: 1060 daAuts
  Lair:3: 985 daAuts
  Lair:1: 980 daAuts
     D:2: 729 daAuts
 Ossuary: 681 daAuts
